 Dungeon Crawl Stone Soup version 0.28-a0-1227-ga9037bb4c8 (webtiles) character file.

Game seed: 6188833144976819617

2243 ChaosChampion the Grappler (level 9, -2/66 (75) HPs)
             Began as a White Draconian Warper on Dec 22, 2021.
             Was a Believer of Okawaru.
             Slain by an orc wizard (19 damage)
             ... on level 7 of the Dungeon.
             The game lasted 00:14:57 (11222 turns).

ChaosChampion the Grappler (DrWr)                  Turns: 11222, Time: 00:14:58

HP:   -2/66 (75)    AC:  8    Str: 15    XL:     9   Next: 14%
MP:   12/12         EV: 13    Int: 16    God:    Okawaru [**....]
Gold: 429           SH:  0    Dex: 11    Spells: 7/12 levels left

rFire   . . .      SeeInvis .     - Unarmed
rCold   + . .      Faith    .   (no shield)
rNeg    . . .      Spirit   .   (armour unavailable)
rPois   .          Reflect  .   (helmet restricted)
rElec   .          Harm     .   (no cloak)
rCorr   .          Rampage  .   u - +0 pair of gloves
Will    +....                   (no boots)
Stlth   +.........              (no amulet)
HPRegen 0.21/turn               k - ring of willpower
MPRegen 0.13/turn               (no ring)

@: short of breath, heavily drained
A: breathe frost, AC +7, unfitting armour, cold resistance 1, cold-blooded
a: Breathe Frost, Renounce Religion, Heroism


You were on level 7 of the Dungeon.
You worshipped Okawaru.
Okawaru was pleased with you.
You visited 2 branches of the dungeon, and saw 9 of its levels.

You collected 468 gold pieces.
You spent 39 gold pieces at shops.

Inventory:

Missiles
 b - 5 boomerangs of dispersal
 j - 10 poisoned darts
Armour
 u - a +0 pair of gloves (worn)
 x - the +0 robe "Hobbaov" {Drain rElec Dex+7 Archmagi}
   (You found it on level 7 of the Dungeon)

   Dex:       It affects your dexterity (+7).
   rElec:     It insulates you from electricity.
   Drain:     It drains your maximum health when unequipped.
   Archmagi:  It increases the power of your magical spells.
Jewellery
 k - a ring of willpower (left hand)
Wands
 l - a wand of digging (5)
Scrolls
 a - 2 scrolls of blinking
 c - 7 scrolls of identify {unknown}
 e - 2 scrolls of amnesia {unknown}
 h - 2 scrolls of immolation {unknown}
 i - 3 scrolls of fog {unknown}
 m - a scroll of summoning {unknown}
 n - 4 scrolls of fear {unknown}
 o - 2 scrolls of teleportation {unknown}
 r - a scroll of brand weapon {unknown}
 s - a scroll of enchant armour {unknown}
 t - 2 scrolls of silence {unknown}
 w - a scroll of vulnerability {unknown}
Potions
 d - 2 potions of might {unknown}
 f - 3 potions of lignification {unknown}
 g - 3 potions of brilliance {unknown}
 p - 3 potions of attraction {unknown}
 q - 2 potions of haste {unknown}
 v - a potion of curing
 z - a potion of flight {unknown}
 A - 2 potions of degeneration {unknown}


   Skills:
 - Level 6.0 Fighting
 - Level 0.8 Throwing
 + Level 4.7 Dodging
 - Level 9.0 Unarmed Combat
 + Level 2.1 Spellcasting
 + Level 3.0 Translocations
 + Level 5.1 Invocations


You had 7 spell levels left.
You knew the following spells:

 Your Spells              Type           Power      Damage    Failure   Level
b - Lesser Beckoning      Tloc           11%        N/A       17%         3
z - Blink                 Tloc           22%        N/A       9%          2

Your spell library contained the following spells:

 Spells                   Type           Power      Damage    Failure   Level
 Gell's Gravitas          Tloc           11%        N/A       17%         3
 Teleport Other           Tloc           11%        N/A       17%         3
 Pain                     Necr           4%         1d4       21%         1
 Portal Projectile        Hex/Tloc       12%        N/A       32%         3
 Vampiric Draining        Necr           1%         2d6       52%         3
 Manifold Assault         Tloc           11%        N/A       85%         5
 Leda's Liquefaction      Hex/Erth       0%         N/A       90%         4
 Animate Skeleton         Necr           Unusable   N/A       N/A         1
 Call Canine Familiar     Summ           Unusable   N/A       N/A         3

Dungeon Overview and Level Annotations

Branches:
Dungeon (8/15)             Temple (1/1) D:4
   Lair: D:8-11

Altars:
Ashenzari
Cheibriados
Dithmenos
Fedhas
Gozag
Hepliaklqana
Makhleb
Okawaru
Sif Muna
Trog
Uskayaw
Vehumet
Wu Jian
Xom
Yredelemnul
Zin
The Shining One

Shops:
D:2 :   D:3 !

Annotations:
D:4 exclusion: oklob plant


Innate Abilities, Weirdness & Mutations

You can breathe waves of freezing cold which knock back foes.
Your icy white scales are hard. (AC +7)
You cannot fit into any form of body armour.
Your flesh is cold resistant. (rC+)
You are cold-blooded and may be slowed by cold attacks.


Message History

There is a stone staircase leading up here.
The orc barely misses you.
You barely miss the orc. The orc hits you but does no damage.
You hit the orc warrior but do no damage.
The orc hits you but does no damage. The orc warrior completely misses you.
There is a stone staircase leading up here.
Aiming: Breathe Frost (4% risk of failure)
Press: ? - help, Q - select action, (/) - cycle Shift-Dir - straight line, p - orc You exhale a wave of freezing cold.
The freezing breath misses the orc.
The orc closely misses you.
You punch the orc!
You kill the orc!
Okawaru accepts your kill.
The orc warrior hits you with a +2 mace of draining!
You feel drained.
The orc wizard hits you with a +0 dagger of electrocution.
You climb upwards.
There is a stone staircase leading down here.
You punch the orc warrior!
The orc warrior is heavily wounded.
The orc warrior hits you with a +2 mace of draining!
You feel drained.
The orc wizard gestures at you while chanting.
The magic dart hits you but does no damage.
You hit the orc warrior but do no damage.
The orc warrior is heavily wounded.
The orc warrior hits you with a +2 mace of draining!
You feel drained.
You hit the orc wizard.
Your tail-slap misses the orc wizard.
The orc wizard is moderately wounded.
The orc wizard closely misses you.
The orc warrior hits you with a +2 mace of draining!
* * * LOW HITPOINT WARNING * * *
You feel drained.
* * * LOW HITPOINT WARNING * * *
There is a stone staircase leading up here.
You feel better.
The orc wizard hits you but does no damage.
You are electrocuted!!
You die...

########### ..........#
..........########
..........(......#
...........#####.#
####....##.# #.#
####.##.##.#####.###
.#....#†##.........#
.#....#.#####...@#.#
......#.....#...o#.#
......'.........o>.#
......#...#........#
#.....#...###.###########
#.....#...#.............#
#.)####...#.#.#########.#
##.# #.....#.# #.# #.#
##..####.# #.#


You could see an orc warrior and an orc wizard.

Vanquished Creatures
  3 yaks (D:7)
  A black bear (D:5)
  An ice beast (D:7)
  2 sky beasts
  3 phantoms
  3 bullfrogs
  3 water moccasin skeletons
  3 centaur zombies
  4 jellies
  2 orc priests (D:7)
  2 centaur skeletons
  4 hounds
  2 bullfrog skeletons
  2 iguanas (D:5)
  5 orc wizards
  12 adders
  A shadow imp (D:6)
  2 ufetubi (D:5)
  18 orcs
  5 ball pythons
  3 bats (D:1)
  7 endoplasms
  9 goblins
  6 hobgoblins
  7 jackals
  5 kobolds
  A quokka (D:4)
  2 frilled lizards
  2 rats (D:3)
120 creatures vanquished.

Vanquished Creatures (others)
  5 plants (D:5)
5 creatures vanquished.

Grand Total: 125 creatures vanquished

Notes
Turn   | Place    | Note
-------+----------+-------------------------------------------
     0 | D:1      | ChaosChampion the Draconian Warper began the quest for the
                  | Orb.
     0 | D:1      | Reached XP level 1. HP: 17/17 MP: 3/3
   393 | D:1      | Reached XP level 2. HP: 22/25 MP: 5/5
   984 | D:2      | Learned a level 2 spell: Blink
  1051 | D:2      | Reached skill level 3 in Unarmed Combat
  1195 | D:2      | Reached XP level 3. HP: 30/30 MP: 6/6
  1837 | D:2      | Reached XP level 4. HP: 26/38 MP: 7/7
  1957 | D:2      | Reached skill level 4 in Unarmed Combat
  2354 | D:2      | Found Azymethri's Book Shop.
  2703 | D:2      | Reached XP level 5. HP: 21/46 MP: 8/8
  3051 | D:2      | Found a faded altar of an unknown god.
  3518 | D:3      | Noticed a phantom
  3769 | D:3      | Killed a phantom
  3770 | D:3      | Reached skill level 5 in Unarmed Combat
  3819 | D:3      | Found Bevumob's Distillery.
  3835 | D:3      | Bought a potion of curing for 39 gold pieces
  4776 | D:4      | Found a staircase to the Ecumenical Temple.
  4798 | Temple   | Entered the Ecumenical Temple
  5062 | Temple   | Became a worshipper of Warmaster Okawaru
  5088 | D:4      | Reached XP level 6. HP: 52/53 MP: 9/9
  5765 | D:4      | Found a blossoming altar of Fedhas.
  5786 | D:4      | Noticed an oklob plant
  5869 | D:5      | Entered Level 5 of the Dungeon
  6237 | D:5      | Reached skill level 6 in Unarmed Combat
  6386 | D:5      | Reached skill level 5 in Fighting
  6386 | D:5      | Your scales start taking on an icy white colour.
  6386 | D:5      | Reached XP level 7. HP: 35/61 MP: 10/10
  6386 | D:5      | Gained mutation: Your flesh is cold resistant. (rC+) [White
                  | Draconian growth]
  6774 | D:5      | Reached * piety under Okawaru
  7134 | D:5      | Reached skill level 1 in Invocations
  7294 | D:5      | Found a hide-covered altar of Uskayaw.
  8095 | D:6      | Reached skill level 7 in Unarmed Combat
  8573 | D:6      | Reached XP level 8. HP: 41/70 MP: 11/11
  9102 | D:6      | Found a burning altar of Makhleb.
  9374 | D:7      | Reached ** piety under Okawaru
  9468 | D:7      | Reached skill level 8 in Unarmed Combat
  9657 | D:7      | Identified the +0 robe "Hobbaov" {Drain rElec Dex+7
                  | Archmagi}
 10768 | D:6      | Learned a level 3 spell: Lesser Beckoning
 10887 | D:7      | Reached XP level 9. HP: 54/75 MP: 12/12
 10897 | D:7      | Reached skill level 9 in Unarmed Combat
 10897 | D:7      | Reached skill level 5 in Invocations
 11222 | D:7      | Slain by an orc wizard

Illustrated notes

Levels and vault maps discovered:
D:1:      lemuel_arrival_broad_hall, layout_basic,
          minmay_misc_feat_more_columns, minivault_5
D:2:      layout_rooms, chequers_ecumenical_altar_twisty, serial_shops,
          shop_statue, kennysheep_potato
D:3:      layout_loops_ring, serial_shops, shop_fountains,
          chequers_serial_rivers_micro_d
D:4:      layout_cave_pools, tgw_fedhas, minmay_temple_entry_large_hall,
          minmay_large_rounded_square
D:5:      layout_loops_ring, marbit_many_paths, minivault_24,
          nicolae_zen_rock_garden, minmay_misc_feat_secret_circle,
          dk_noncrumbling_4, minmay_misc_feat_four_crosses
D:6:      layout_basic, lightli_temple_of_fire, bh_walls_and_bars
D:7:      layout_basic
D:8:      layout_gridville, minmay_misc_feat_tiny, kennysheep_pointless_box,
          minmay_liquid_box
Temple:   eino_temple_water

Skill      XL: |  1  2  3  4  5  6  7  8  9 |
---------------+----------------------------+-----
Unarmed Combat | 3 4 5 6 7 8 9 |  9.0
Fighting       | 3 4 5 6 |  6.0
Invocations    | 2 4 5 |  5.1
Dodging        | 3 4 |  4.7
Throwing       | |  0.8
Spellcasting   | |  2.1
Translocations | |  3.0

Action                   |  1- 3 |  4- 6 |  7- 9 || total
-------------------------+-------+-------+-------++-------
Melee: Unarmed           |   108 |   246 |   281 ||   635
       Tailslap          |    12 |    28 |    43 ||    83
       Punch             |       |     5 |    14 ||    19
Throw: Dart              |       |    15 |       ||    15
 Cast: Blink             |       |     4 |       ||     4
 Abil: Breathe Frost     |       |       |    17 ||    17
  Use: Potion            |       |     1 |     1 ||     2
 Stab: Sleeping          |       |     3 |     1 ||     4
Armor: Skin              |    39 |    76 |   106 ||   221
Dodge: Dodged            |    73 |   144 |   149 ||   366

Table legend: (Time is in decaauts)
 A = Elapsed time spent in this place.
 B = Non-inter-level travel time spent in this place.
 C = Inter-level travel time spent in this place.
 D = Time resting spent in this place.
 E = Time spent auto-exploring this place.
 F = Levels seen in this place.
 G = Mean time per level.
                   A        B        C        D        E       F      G
               +--------+--------+--------+--------+--------+-----+--------+
         Total |  11178 |  10790 |    388 |   2537 |   6421 |   9 | 1242.0 |
       Dungeon |  10894 |  10506 |    388 |   2537 |   6225 |   8 | 1361.8 |
        Temple |    283 |    283 |      0 |      0 |    196 |   1 |  283.0 |
               +--------+--------+--------+--------+--------+-----+--------+

Top non-repeatable levels by time:
     D:5: 2004 daAuts
     D:2: 1773 daAuts
     D:1: 1593 daAuts
     D:6: 1559 daAuts
     D:7: 1458 daAuts
     D:3: 1405 daAuts
     D:4: 806 daAuts
     D:8: 294 daAuts
  Temple: 283 daAuts
